 Dungeon Crawl Stone Soup version 0.30.1-4-g462c640d31 (webtiles) character file.

Game seed: 5477400488688736033

18 Almogavar the Trooper (level 2, -1/27 HPs)
             Began as a Hill Orc Fighter on Aug 19, 2023.
             Slain by a gnoll
             ... wielding a +0 spear
              (2 damage)
             ... on level 2 of the Dungeon.
             The game lasted 00:01:39 (823 turns).

Almogavar the Trooper (Hill Orc Fighter)             Turns: 823, Time: 00:01:39

Health: -1/27      AC:  8    Str: 18    XL:     2   Next: 66%
Magic:  2/2        EV:  9    Int:  8    God:
Gold:   43         SH:  4    Dex: 10    Spells: 1/1 levels left

rFire   . . .        a - +0 war axe
rCold   . . .        c - +0 buckler
rNeg    . . .        b - +0 scale mail
rPois   .            g - +2 hat
rElec   .            (no cloak)
rCorr   .            (no gloves)
SInv    .            (no boots)
Will    .....        (no amulet) Stlth
                     e - +4 ring of slaying
HPRegen 0.24/turn    (no ring)
MPRegen 0.08/turn

%: no passive effects
@: mighty
A: no striking features
a: no special abilities


You were on level 2 of the Dungeon.
You visited 1 branch of the dungeon, and saw 2 of its levels.

You collected 43 gold pieces.

Inventory:

Hand Weapons
 a - a +0 war axe (weapon)
Armour
 b - a +0 scale mail (worn)
 c - a +0 buckler (worn)
 g - a +2 hat (worn)
Jewellery
 e - a +4 ring of slaying (left hand)
 f - a +6 ring of intelligence
Scrolls
 h - a scroll of enchant weapon {unknown}
 i - a scroll of teleportation {unknown}
 k - 2 scrolls of identify {unknown}
Potions
 j - a potion of attraction {unknown}
 l - a potion of brilliance {unknown}


   Skills:
 + Level 4.0 Fighting
 + Level 3.1 Axes
 + Level 3.5 Armour
 + Level 3.5 Shields


You had one spell level left.
You didn't know any spells.
Your spell library was empty.

Dungeon Overview and Level Annotations

Branches:
Dungeon (2/15)

Altars:


Message History

Found a hand axe.
You see here a +0 robe.
You see here a +0 hand axe.
A frilled lizard comes into view.
The frilled lizard hisses angrily.
You see here 6 gold pieces.
The frilled lizard closely misses you.
You completely miss the frilled lizard. The frilled lizard barely misses you.
You block the frilled lizard's attack.
You slash the frilled lizard!
You kill the frilled lizard!
No target in view!
You now have 43 gold pieces (gained 6).
You see here a +0 hand axe.
You see here a +0 robe. 2 gnolls come into view.
The gnoll shouts!
A gnoll comes into view. It is wielding a +0 whip.
The gnoll shouts!
Found a stone staircase leading down.
The gnoll barely misses you. The gnoll hits you with a +0 flail!
You feel very mighty all of a sudden. The gnoll closely misses you.
The gnoll hits you with a +0 flail.
You are too injured to fight recklessly!
You are too injured to fight recklessly!
You are too injured to fight recklessly!
You slash the gnoll!
The gnoll is almost dead.
You slash the gnoll! The gnoll hits you but does no damage.
You closely miss the gnoll.
The gnoll is almost dead.
You closely miss the gnoll. You slash the gnoll!
You kill the gnoll!
The gnoll hits you with a +0 spear.
* * * LOW HITPOINT WARNING * * *
The gnoll hits you with a +0 whip.
* * * LOW HITPOINT WARNING * * *
An endoplasm comes into view.
The gnoll barely misses you. The gnoll hits you with a +0 spear.
You die...

#.# #####.......#
#.# #...........#
#.#
#.#########.#######
#.# #.# #.(......
#.# #.# #.######.
#.# #.# #.# #. #.#
#.###### #.# #.
#.#####.)g...####.#
#.
#.......@g.....>..#
#.
############J######
#. #. #. #######.
........ ........
.#...... ###P###


You could see 2 gnolls and an endoplasm.

Vanquished Creatures
  A gnoll (D:2)
  A ball python (D:2)
  A goblin (D:1)
  3 hobgoblins
  A quokka (D:2)
  2 bats
  3 frilled lizards
  2 kobolds
  5 rats
19 creatures vanquished.

Notes
Turn   | Place    | Note
-------+----------+-------------------------------------------
     0 | D:1      | Almogavar the Hill Orc Fighter began the quest for the Orb.
     0 | D:1      | Reached XP level 1. HP: 19/19 MP: 1/1
   233 | D:1      | You fall into a shaft and drop 1 floor!
   460 | D:1      | Reached XP level 2. HP: 27/27 MP: 2/2
   582 | D:2      | Reached skill level 4 in Fighting
   718 | D:2      | Found a faded altar of an unknown god.
   823 | D:2      | HP: 1/27 [gnoll/+0 whip (5)]
   823 | D:2      | Slain by a gnoll

Illustrated notes

Levels and vault maps discovered:
D:1:      dpeg_arrival_pits, layout_loops_cross
D:2:      layout_loops_ring, shapermc_ecumenical_altar_mp_urbaneastern,
          nicolae_elevator_lobby_plus, uniq_crazy_yiuf_cottage

Skill      XL: |  1  2 |
---------------+-------+-----
Axes           | 3 |  3.1
Fighting       | 4 |  4.0
Armour         | |  3.5
Shields        | |  3.5

Action                     || total
---------------------------++-------
  Melee: War axe           ||    44
    Use: Potion            ||     1
 Armour: Scale mail        ||    15
  Dodge: Dodged            ||    22
  Block: Buckler           ||    17
